AoeStats
← MooseMooch

Arabian Desert

508958986Analyzed
1v1 RM · 7d ago on Sep 24, 2026· 27m 48s· 2 players
Game mode
Random Map
Map size
Tiny (2 player)
Population
200
Speed
Normal
Resources
Standard
Victory
Conquest
Starting age
Dark Age
Ending age
Imperial Age
RankedLock teamsTeams togetherTeam positionsShared explorationLock speedFull tech treeHidden civsTurbo modeCheats
Victory
Defeat
🇩🇪 Portuguese · Germany
1233
+16
🇺🇸 Varangians · United States
1228
-16
DubGetter1400
8:38 Loom
10:23 Feudal Age
15:00 Castle Age
21:50 Scale Barding Armor
23:39 Forging
MooseMooch
6:37 Loom
9:18 Feudal Age
9:48 Double-Bit Axe
11:54 Fletching
16:53 Wheelbarrow
21:19 Castle Age
19:35 Horse Collar
19:53 Gold Mining
20:06 Padded Archer Armor
21:29 Crossbowman
22:04 Bodkin Arrow
22:29 Bow Saw
24:42 Ballistics
Connection lost

Rejoining the realm…

Still unreachable

The connection could not be restored.

Session expired

The server has moved on; the page needs a fresh start.